 Dungeon Crawl Stone Soup version 0.31.0-11-ge490571c62 (webtiles) character file.

Game seed: 5024902376055603388

15 qw the Shooter (level 2, -7/16 HPs)
             Began as a Deep Elf Hunter on Feb 3, 2024.
             Mangled by Sigmund
             ... wielding a +0 scythe
              (10 damage)
             ... on level 2 of the Dungeon.
             The game lasted 00:00:11 (993 turns).

qw the Shooter (Deep Elf Hunter)                     Turns: 993, Time: 00:00:11

Health: -7/16      AC:  3    Str:  8    XL:     2   Next: 34%
Magic:  4/4        EV: 12    Int: 13    God:
Gold:   93         SH:  0    Dex: 18    Spells: 1/1 levels left

rFire   . . .        a - +0 shortbow
rCold   . . .        (shield currently unavailable)
rNeg    . . .        c - +0 leather armour
rPois   .            (no helmet)
rElec   .            (no cloak)
rCorr   .            (no gloves)
SInv    .            (no boots)
Will    .....        (no amulet)
Stlth   +            (no ring)
HPRegen 0.22/turn    (no ring)
MPRegen 0.09/turn

%: no passive effects
@: confused
A: no striking features
a: no special abilities


You were on level 2 of the Dungeon.
You visited 1 branch of the dungeon, and saw 2 of its levels.

You collected 93 gold pieces.


   Skills:
 - Level 1.5 Fighting
 + Level 6.2 Ranged Weapons
 - Level 2.4 Dodging
 - Level 1.2 Stealth


You had one spell level left.
You didn't know any spells.
Your spell library was empty.

Inventory:

Hand Weapons
 a - a +0 shortbow (weapon)
Armour
 c - a +0 leather armour (worn)
Wands
 b - a wand of acid (3)
Potions
 f - a potion of enlightenment

Dungeon Overview and Level Annotations

Branches:
Dungeon (2/15)

Altars:

Annotations:
D:2 Sigmund


Message History

932 ||| READING scroll labelled QOISET BOUMN.
As you read the scroll labelled QOISET BOUMN, it crumbles to dust.
You assume a fearsome visage.
Nothing appears to happen.
It was a scroll of fear.
Done exploring.
933 ||| DROPPING scroll of butterflies.
You drop a scroll of butterflies.
Done exploring.
What level of the Dungeon? (default 1, ? - help)
There is a stone staircase leading down here.
You climb downwards.
Found 8 gold pieces and 4 poisoned darts.
Found an escape hatch in the ceiling.
There is a stone staircase leading up here.
Waypoint 1 assigned to D:2.
You now have 87 gold pieces (gained 8).
You see here 4 poisoned darts.
You now have 93 gold pieces (gained 6).
b - a wand of acid (3) Sigmund the Dreaded comes into view.
He is wielding a +0 scythe and wearing a +0 robe of positive energy.
Sigmund shouts!
Sigmund moves out of view.
Sigmund points at you and mumbles some strange words.
You are confused.
985 ||| DRINKING purple potion.
It was a potion of ambrosia.
You are more confused.
You feel invigorated.
Sigmund casts a spell.
Sigmund flickers and vanishes!
Deactivating autopickup; reactivate with Ctrl-A.
You shoot an arrow.
A quokka comes into view.
You hear some strange, mumbled words.
You are more confused.
You feel less invigorated. Something hits you!
Ouch! That really hurt!
The quokka bites you. Something hits you!
Ouch! That really hurt!
You die...

##### ##...####
######.......###
.##....#.......##
.##.######......#
.(..# ####...##
.##.# ##...#
.##.### #...##
.##.... ##.@.#
...### #..r{..#
......#
##........
......# ###......
......# ####..
#...... # ....#.
....# ....+


You could see a quokka.

Vanquished Creatures
  An endoplasm (D:1)
  3 goblins (D:1)
  A hobgoblin (D:1)
  4 kobolds (D:1)
  2 quokkas (D:1)
  A ball python (D:1)
  2 rats (D:1)
14 creatures vanquished.

Notes
Turn   | Place    | Note
-------+----------+-------------------------------------------
     0 | D:1      | qw the Deep Elf Hunter began the quest for the Orb.
     0 | D:1      | Reached XP level 1. HP: 12/12 MP: 3/3
     0 | D:1      | 0 ||| qw: Version: 0.3-a-155-g5e7d8dd
     0 | D:1      | 0 ||| qw: Game counter: 3063
     0 | D:1      | 0 ||| qw: Melee chars always use a shield: true
     0 | D:1      | 0 ||| qw: God list: Okawaru
     0 | D:1      | 0 ||| qw: Allow faded altars: false
     0 | D:1      | 0 ||| qw: Do Orc after clearing Dungeon:15 true
     0 | D:1      | 0 ||| qw: Do second Lair branch before Depths: true
     0 | D:1      | 0 ||| qw: Lair rune preference: random
     0 | D:1      | 0 ||| qw: Goals: Normal
     0 | D:1      | 0 ||| PLANNING D:1-11
   378 | D:1      | Reached XP level 2. HP: 16/16 MP: 4/4
   479 | D:1      | Reached skill level 6 in Ranged Weapons
   830 | D:1      | 830 ||| READING scroll labelled CYAFISK RILUCH.
   830 | D:1      | 830 ||| IDENTIFYING bubbling sapphire potion
   831 | D:1      | 831 ||| READING scroll labelled LALIWK RYRCH.
   932 | D:1      | 932 ||| READING scroll labelled QOISET BOUMN.
   933 | D:1      | 933 ||| DROPPING scroll of butterflies.
   983 | D:2      | Noticed Sigmund
   985 | D:2      | 985 ||| DRINKING purple potion.
   992 | D:2      | HP: 3/16 [quokka (3)]
   993 | D:2      | Mangled by Sigmund

Levels and vault maps discovered:
D:1:      heliophobic_arrival_battle_scene, layout_basic
D:2:      layout_basic, serial_curves, eino_curves_02, eino_curves_01,
          eino_curves_04, uniq_sigmund

Skill      XL: |  1  2 |
---------------+-------+-----
Ranged Weapons | 6 |  6.2
Fighting       | |  1.5
Dodging        | |  2.4
Stealth        | |  1.2

Action                     || total
---------------------------++-------
   Fire: Shortbow          ||    38
    Use: Scroll            ||     3
         Potion            ||     1
 Armour: Leather armour    ||     9
  Dodge: Dodged            ||     5

Table legend:
 A = Non-vault XP
 B = Vault XP
 C = Vault XP percentage of total XP
 D = Non-vault monster count
 E = Vault monster count
 F = Vault count percentage of total count
                 A         B        C        D         E       F
            +---------+---------+-------+---------+---------+-------
      Total |      22 |       0 |   0.0 |      14 |       0 |   0.0
            +---------+---------+-------+---------+---------+-------
        D:1 |      22 |       0 |   0.0 |      14 |       0 |   0.0
            +---------+---------+-------+---------+---------+-------
